 Dungeon Crawl Stone Soup version 0.27.0-1-g7a089689b8 (webtiles) character file.

Game seed: 9212973913040082728

293 Cheivey the Covered (level 6, -2/56 HPs)
             Began as a Minotaur Fighter on Aug 3, 2021.
             Slain by a killer bee zombie (4 damage)
             ... in an ossuary.
             The game lasted 00:04:40 (3613 turns).

Cheivey the Covered (Minotaur Fighter)              Turns: 3613, Time: 00:04:40

Health: -2/56      AC: 13    Str: 22    XL:     6   Next: 11%
Magic:  5/5        EV:  6    Int:  5    God:
Gold:   202        SH:  0    Dex: 10    Spells: 5/5 levels left

rFire    . . .     SeeInvis .   g - +1 halberd (venom)
rCold    . . .     Faith    .   (shield currently unavailable)
rNeg     . . .     Spirit   .   e - +1 plate armour {rPois}
rPois    +         Reflect  .   (helmet restricted)
rElec    .         Harm     .   (no cloak)
rCorr    .         Rampage  .   (no gloves)
Will     .....                  (no boots)
Stlth    ..........             (no amulet)
HPRegen  0.18/turn              (no ring)
MPRegen  0.09/turn              (no ring)

@: no status effects
A: horns 2, retaliatory headbutt
a: no special abilities


You were in an ossuary.
You visited 1 branch of the dungeon, and saw 4 of its levels.
You also visited: Ossuary.

You collected 202 gold pieces.

Inventory:

Hand Weapons
 g - a +1 halberd of venom (weapon)
Armour
 e - a +1 plate armour of poison resistance (worn)
Scrolls
 a - a scroll of identify
 d - a scroll of vulnerability
 f - a scroll of immolation


   Skills:
 + Level 5.0 Fighting
 - Level 4.5(4.8) Axes
 * Level 2.2(3.7) Polearms
 + Level 5.0 Armour
 - Level 4.6 Shields


You had 5 spell levels left.
You didn't know any spells.
Your spell library was empty.

Dungeon Overview and Level Annotations

Branches:
Dungeon (4/15)            Ossuary (1/1)
 Temple: D:4-7

Altars:
Trog
Vehumet

Shops:
D:4 *


Innate Abilities, Weirdness & Mutations

You have a pair of horns on your head.
You reflexively headbutt those who attack you in melee.


Message History

Your experience leads to an increase in your attributes!
Increase (S)trength, (I)ntelligence, or (D)exterity?
You feel stronger.
You start resting.
Your transformation is almost over.
You start resting.
You feel less wooden.
Your +1 plate armour of poison resistance unmelds from your body.
You feel resistant to poison.
You start resting.
A killer bee zombie comes into view.
A killer bee zombie is nearby!
A killer bee zombie is nearby!
You barely miss the killer bee zombie.
The killer bee zombie hits you but does no damage. x3
You closely miss the killer bee zombie.
Your headbutt misses the killer bee zombie.
The killer bee zombie barely misses you.
The killer bee zombie hits you but does no damage.
You hit the killer bee zombie.
The killer bee zombie is lightly damaged.
The killer bee zombie hits you but does no damage. x2
You miss the killer bee zombie.
The killer bee zombie is lightly damaged.
The killer bee zombie hits you.
* * * LOW HITPOINT WARNING * * *
The killer bee zombie hits you.
* * * LOW HITPOINT WARNING * * *
The killer bee zombie hits you but does no damage.
The killer bee zombie barely misses you.
Your plate armour prevents you from hitting the killer bee zombie.
The killer bee zombie is lightly damaged.
The killer bee zombie hits you.
* * * LOW HITPOINT WARNING * * *
The killer bee zombie hits you.
* * * LOW HITPOINT WARNING * * *
You completely miss the killer bee zombie.
The killer bee zombie is lightly damaged.
The killer bee zombie hits you.
You die...

### #.# #
+#+#+#+#'#'###
...........'.#
+##+##Z##.###
#..@# '. #.∩.#
## #∩..# #####


You could see a killer bee zombie.

Vanquished Creatures
  A bullfrog zombie (Ossuary)
  An orc priest (D:3)
  Jessica (D:2)
  4 mummies (Ossuary)
  7 gnolls
  3 adders
  A worm (D:2)
  6 orcs
  4 ball pythons
  2 bats (D:1)
  6 endoplasms
  2 giant cockroaches (D:1)
  3 goblins
  3 hobgoblins
  2 jackals (D:2)
  4 frilled lizards
  8 kobolds
  2 rats (D:3)
60 creatures vanquished.

Vanquished Creatures (others)
  4 withered plants (Ossuary)
4 creatures vanquished.

Grand Total: 64 creatures vanquished

Notes
Turn   | Place    | Note
-------+----------+-------------------------------------------
     0 | D:1      | Cheivey the Minotaur Fighter began the quest for the Orb.
     0 | D:1      | Reached XP level 1. HP: 19/19 MP: 0/0
   296 | D:1      | Reached XP level 2. HP: 27/27 MP: 1/1
   709 | D:1      | Identified a scroll of acquirement
   709 | D:1      | Acquired a +1 plate armour of poison resistance
   985 | D:2      | Reached XP level 3. HP: 18/33 MP: 2/2
  1184 | D:2      | Found a faded altar of an unknown god.
  1194 | D:2      | Noticed Jessica
  1197 | D:2      | Killed Jessica
  1198 | D:2      | Reached XP level 4. HP: 28/40 MP: 3/3
  1677 | D:2      | Found a radiant altar of Vehumet.
  1979 | D:3      | HP: 2/41 [poisoned by a gnoll]
  2653 | D:3      | Reached XP level 5. HP: 47/47 MP: 4/4
  2703 | D:3      | Found a bloodstained altar of Trog.
  3461 | D:4      | Found Sotzikhlunk's Neck Hole.
  3506 | D:4      | Reached skill level 1 in Polearms
  3521 | D:4      | Found a sand-covered staircase.
  3544 | Ossuary  | Entered an ossuary
  3566 | Ossuary  | Reached skill level 5 in Armour
  3570 | Ossuary  | Reached skill level 5 in Fighting
  3570 | Ossuary  | Reached XP level 6. HP: 12/56 MP: 5/5
  3612 | Ossuary  | HP: 1/56 [killer bee zombie (6)]
  3613 | Ossuary  | Slain by a killer bee zombie

Illustrated notes

Levels and vault maps discovered:
D:1:      giann_bridges, layout_basic
D:2:      layout_basic, hellmonk_ecumenical_altar_slurped_away, basic_altar,
          uniq_jessica
D:3:      layout_loops_ring, lemuel_doored_altar
D:4:      layout_gridville, yredelemnul_altar_generic,
          minmay_temple_entry_crystal_x, nicolae_ossuary_entry_false_entrances,
          nicolae_shop_sticking_my_neck_out
Ossuary:  ossuary_zaba_flooded

Skill      XL: |  1  2  3  4  5 |
---------------+----------------+-----
Fighting       | 4 5 |  5.0
Armour         | 4 5 |  5.0
Shields        | 4 |  4.6
Axes           | 3 4 |  4.5
Polearms       | 2 |  2.2

Action                   |  1- 3 |  4- 6 || total
-------------------------+-------+-------++-------
Melee: War axe           |    36 |    55 ||    91
       Headbutt          |     3 |    10 ||    13
       Halberd           |       |    56 ||    56
  Use: Scroll            |     4 |     3 ||     7
       Potion            |     1 |     3 ||     4
 Stab: Invisible         |       |     2 ||     2
       Distracted        |       |     1 ||     1
Armor: Scale mail        |    16 |       ||    16
       Plate armour      |    10 |    70 ||    80
       Skin              |       |     4 ||     4
Dodge: Dodged            |    22 |    35 ||    57
